 Dungeon Crawl Stone Soup version 0.25-a0-492-g44cc58d149 (webtiles) character file.

Game seed: 436815739953599057, levelgen mode: deterministic

86 kae the Sneak (level 4, -2/24 HPs)
             Began as a Kobold Enchanter on Feb 11, 2020.
             Slain by an iron imp (11 damage)
             ... on level 2 of the Dungeon.
             The game lasted 00:01:52 (2626 turns).

kae the Sneak (Kobold Enchanter)                    Turns: 2626, Time: 00:01:52

Health: -2/24      AC:  2    Str:  5    XL:     4   Next: 77%
Magic:  3/8        EV: 21    Int: 16    God:
Gold:   114        SH:  0    Dex: 21    Spells: 2/8 levels left

rFire    + . .     SeeInvis .   a - +1 dagger
rCold    + . .     Gourm    .   (shield restricted)
rNeg     . . .     Faith    .   b - +0 robe
rPois    +         Spirit   .   (no helmet)
rElec    +         Reflect  .   (no cloak)
rCorr    +         Harm     .   (no gloves)
MR       .....                  (no boots)
Stlth    ++++......             (no amulet)
HPRegen  0.08/turn              (no ring)
MPRegen  0.11/turn              (no ring)

@: agile, confusing touch, resistant
A: small, carnivore
a: no special abilities


You were on level 2 of the Dungeon.
You were not hungry.

You visited 1 branch of the dungeon, and saw 2 of its levels.

You collected 114 gold pieces.

Inventory:

Hand Weapons
 a - a +1 dagger (weapon)
 h - a +0 vorpal hand axe
Armour
 b - a +0 robe (worn)
Scrolls
 c - 3 scrolls of identify {unknown}
 f - 5 scrolls of teleportation {unknown}
 i - 2 scrolls of noise {unknown}
Comestibles
 d - 2 rations


   Skills:
 * Level 3.3 Short Blades
 + Level 3.1 Dodging
 + Level 4.5 Stealth
 + Level 2.7 Spellcasting
 + Level 3.4 Hexes


You had 2 spell levels left.
You knew the following spells:

 Your Spells              Type           Power        Failure   Level  Hunger
a - Corona                Hex            ##.....      4%          1    #......
b - Ensorcelled Hibernat  Hex/Ice        #.....       14%         2    ##.....
c - Confusing Touch       Hex            ##......     14%         3    ###....

Your spell library contained the following spells:

 Spells                   Type           Power        Failure   Level  Hunger
 Tukima's Dance           Hex            ##......     14%         3    ###....
 Dazzling Flash           Conj/Hex       #.....       28%         3    ###....


Dungeon Overview and Level Annotations

Branches:
Dungeon (2/15)

Altars:
Makhleb


Innate Abilities, Weirdness & Mutations

You are small and have problems with some larger weapons.
You are carnivorous and can eat meat at any time.


Message History

The iron imp is heavily wounded.
You hit the iron imp.
The iron imp is severely wounded.
You barely miss the iron imp.
The iron imp is severely wounded.
You hit the iron imp but do no damage.
The iron imp is severely wounded.
The iron imp seems less confused.
The iron imp misses you.
You closely miss the iron imp.
The iron imp is severely wounded.
It was a potion of agility.
You feel agile all of a sudden. The iron imp misses you.
It was a potion of resistance.
You feel protected. The iron imp misses you.
Casting: Confusing Touch (safe; 14% risk of failure)
Confirm with . or Enter, or press ? or * to list all spells.
Your hands begin to glow red.
The iron imp hits you!
You die...

..........#+#...
..............#
..............#.
................
................
.........###...######
########......##.≈≈≈#
########......#.5≈≈##
.........#.##.'.@._∩#
.........#....#.≈≈≈## ###
....)....####.##.≈≈≈###
#.# .........#
#...######.# #.#
...##....# #..........#
####.# ...#####.#
#..>.......######....#
...# #.#
#..........#.........#
...#
#.####.........#####..####
...# #..............# #..#


You could see an iron imp.

Vanquished Creatures
  A worker ant (D:2)
  An ooze (D:2)
  2 worms (D:2)
  2 dart slugs (D:1)
  2 leopard geckos (D:1)
  3 bats (D:2)
  2 giant cockroaches
  7 hobgoblins
  4 jackals
  3 quokkas (D:2)
  A ball python (D:2)
  2 frilled lizards (D:1)
  4 goblins (D:1)
  5 kobolds
  3 rats
42 creatures vanquished.

Notes
Turn   | Place    | Note
-------+----------+-------------------------------------------
     0 | D:1      | kae the Kobold Enchanter began the quest for the Orb.
     0 | D:1      | Reached XP level 1. HP: 10/10 MP: 3/3
   282 | D:1      | Reached XP level 2. HP: 3/15 MP: 1/5
  1072 | D:1      | Learned a level 2 spell: Ensorcelled Hibernation
  1198 | D:1      | Reached XP level 3. HP: 17/19 MP: 4/6
  1927 | D:2      | Learned a level 3 spell: Confusing Touch
  2178 | D:2      | Reached XP level 4. HP: 23/24 MP: 4/8
  2596 | D:2      | Found a burning altar of Makhleb.
  2626 | D:2      | Slain by an iron imp

Levels and vault maps discovered:
D:1:      mrwooster_arrival_statue_3, layout_basic
D:2:      layout_basic, makhleb_grotto_becter, kennysheep_potato

Skill      XL: |  1  2  3 |
---------------+----------+-----
Short Blades   | 2 3 |  3.3
Dodging        | 3 |  3.1
Stealth        | |  4.5
Spellcasting   | |  2.7
Hexes          | |  3.4

Action                   |  1- 3 |  4- 6 || total
-------------------------+-------+-------++-------
Melee: Dagger            |    71 |    56 ||   127
       Hand axe          |    52 |       ||    52
 Cast: Corona            |    16 |       ||    16
       Ensorcelled Hiber |     3 |     3 ||     6
       Confusing Touch   |       |     2 ||     2
  Use: Potion            |     1 |     2 ||     3
 Stab: Sleeping          |     5 |     7 ||    12
  Eat: Chunk             |    10 |       ||    10
Armor: Robe              |    15 |     2 ||    17
       Skin              |    31 |       ||    31
Dodge: Dodged            |   101 |    42 ||   143

Table legend:
 A = Non-vault XP
 B = Vault XP
 C = Vault XP percentage of total XP
 D = Non-vault monster count
 E = Vault monster count
 F = Vault count percentage of total count
                 A         B        C        D         E       F
            +---------+---------+-------+---------+---------+-------
      Total |     121 |       2 |   1.6 |      41 |       1 |   2.4
            +---------+---------+-------+---------+---------+-------
        D:1 |      38 |       0 |   0.0 |      19 |       0 |   0.0
        D:2 |      83 |       2 |   2.4 |      22 |       1 |   4.3
            +---------+---------+-------+---------+---------+-------
